[Event "Titled Tuesday Blitz March 28 Early 2023"]
[White "Matinian, Nikita"]
[Black "Skaric, Djuro"]
[WhiteFideId "24129100"]
[BlackFideId "934569"]
[WhiteElo "2422"]
[BlackElo "2282"]
[Result "1-0"]
[Round "05"]
[TimeControl "180+2"]
[Date "2023.03.28"]
[WhiteClock "0:00:57"]
[BlackClock "0:00:31"]

1. e4 d6 2. d4 g6 3. Nc3 Bg7 4. h3 Nf6 5. g4 O-O 6. Bg2 Nc6 7. Nge2 e5 8. d5 Ne7 9. Be3 c6 10. dxc6 bxc6 11. Qd2 d5 12. g5 Nxe4 13. Nxe4 dxe4 14. Qxd8 Rxd8 15. Bxe4 Bf5 16. Ng3 Rdb8 17. b3 a5 18. Ke2 Nd5 19. Nxf5 gxf5 20. Bxf5 e4 21. Rag1 Nc3+ 22. Kf1 a4 23. Kg2 axb3 24. axb3 Ra2 25. Rc1 Rb5 26. Bd7 Nd5 27. h4 Nxe3+ 28. fxe3 Rc5 29. Kg3 Be5+ 30. Kg4 Kf8 31. Bf5 Raxc2 32. Rxc2 Rxc2 33. Bxh7 Rc3 34. Rh3 Rxb3 35. Bxe4 Rb4 36. Kf5 Bb2 37. h5 Rb5+ 38. Kf4 Be5+ 39. Kg4 Bh8 40. Bxc6 Rb4+ 41. e4 Ke7 42. Bd5 Rb2 43. Rf3 Be5 44. Rxf7+ Kd6 45. Kf5 Rf2+ 46. Kg6 Rg2 47. h6 Bd4 48. h7 Rh2 49. Rf6+ Ke7 50. e5 Rh4 51. Re6+ Kd7 52. Kg7 Rh5 53. h8=Q Rxg5+ 54. Kf6 1-0


[Site "https://www.chess.com"]

[Event "Titled Tuesday Blitz March 28 Early 2023"]
[White "Rosenberg, Evan S"]
[Black "Lewtak, Damian"]
[WhiteFideId "2019299"]
[BlackFideId "1141724"]
[WhiteElo "2327"]
[BlackElo "2302"]
[Result "0-1"]
[Round "05"]
[TimeControl "180+2"]
[Date "2023.03.28"]
[WhiteClock "0:00:09"]
[BlackClock "0:00:13"]

1. d4 Nf6 2. Nf3 e6 3. g3 c5 4. Bg2 Nc6 5. O-O Be7 6. c4 cxd4 7. Nxd4 d5 8. Nc3 O-O 9. cxd5 exd5 10. Bg5 Nxd4 11. Qxd4 Be6 12. Rfd1 Qa5 13. e3 Rac8 14. Rac1 h6 15. Bxf6 Bxf6 16. Qd3 Bxc3 17. bxc3 Rc5 18. Rd2 Rfc8 19. Rdc2 b6 20. h4 Rc4 21. Kh2 h5 22. Bh3 Bxh3 23. Kxh3 g6 24. Kg2 R8c5 25. Rd2 Ra4 26. Rcc2 Ra3 27. Qd4 Qa4 28. Qf6 Qe4+ 29. Kh2 Qe6 30. Qxe6 fxe6 31. e4 dxe4 32. Re2 Rc4 33. Re3 Kf7 34. Kh3 Rca4 35. Rce2 Rxa2 36. Rxe4 Rxe2 37. Rxa4 a5 38. f4 Ke7 39. Rc4 Kd6 40. Rc8 a4 41. c4 a3 42. Ra8 a2 43. Ra6 Kc5 44. g4 Kxc4 45. gxh5 gxh5 46. Kg3 b5 47. Kf3 Rc2 48. Ke4 b4 49. Ke5 b3 50. Kxe6 b2 0-1


[Site "https://www.chess.com"]

[Event "Titled Tuesday Blitz March 28 Early 2023"]
[White "Kozak, Antoni"]
[Black "Vadim_Galchenko"]
[WhiteFideId "21832030"]
[WhiteElo "2470"]
[BlackElo "2314"]
[Result "0-1"]
[Round "05"]
[TimeControl "180+2"]
[Date "2023.03.28"]
[WhiteClock "0:00:10"]
[BlackClock "0:00:17"]

1. Nf3 f5 2. c4 Nf6 3. Nc3 g6 4. g3 Bg7 5. Bg2 O-O 6. O-O d6 7. Rb1 e5 8. d3 a5 9. a3 h6 10. Bd2 g5 11. b4 axb4 12. axb4 Be6 13. h4 g4 14. Ne1 c6 15. b5 Nh5 16. Nc2 f4 17. Kh2 Bf6 18. Ne4 Be7 19. Bb4 c5 20. Be1 Nd7 21. Kg1 Bxh4 22. gxh4 Qxh4 23. Qd2 Ndf6 24. Ra1 Rxa1 25. Nxa1 Nxe4 26. dxe4 f3 27. Qxh6 Rf6 28. Qe3 fxg2 29. Kxg2 Nf4+ 30. Kg1 Rh6 31. f3 Qh2# 0-1


[Site "https://www.chess.com"]

[Event "Titled Tuesday Blitz March 28 Early 2023"]
[White "hsd2016"]
[Black "Martinez Ramirez, Lennis"]
[BlackFideId "3509079"]
[WhiteElo "1991"]
[BlackElo "2439"]
[Result "0-1"]
[Round "05"]
[TimeControl "180+2"]
[Date "2023.03.28"]
[WhiteClock "0:00:04"]
[BlackClock "0:01:36"]

1. e4 c5 2. Nf3 Nc6 3. d4 cxd4 4. Nxd4 Nf6 5. Nc3 e5 6. Ndb5 d6 7. Bg5 a6 8. Na3 Be7 9. Bxf6 Bxf6 10. Nc4 O-O 11. Qxd6 Be6 12. Qxd8 Bxd8 13. Bd3 b5 14. Ne3 Ba5 15. O-O Bxc3 16. bxc3 Rfc8 17. a4 bxa4 18. Rxa4 a5 19. Rfa1 g6 20. g3 Kg7 21. Bb5 Kf6 22. Bxc6 Rxc6 23. Rxa5 Rac8 24. c4 Bxc4 25. Ng4+ Kg7 26. Nxe5 R6c7 27. Ra7 Be6 28. Rxc7 Rxc7 29. c4 f6 30. Nd3 Rxc4 31. Ra7+ Kg8 32. f3 g5 33. Re7 Bf7 34. Rd7 Rc2 35. e5 f5 36. Rd8+ Kg7 37. Rd7 Kf8 38. e6 Bxe6 39. Rxh7 Re2 40. Kf1 Re3 41. Ne1 Bc4+ 42. Kf2 Re2+ 43. Kg1 Rxe1+ 44. Kf2 Re2+ 45. Kg1 Bf7 46. Rh8+ Kg7 47. Ra8 Bd5 48. Ra7+ Kf6 49. Ra3 Ke5 50. Ra5 f4 51. gxf4+ gxf4 52. h4 Re3 53. h5 Rxf3 54. h6 Rh3 55. Ra6 Be6 0-1


[Site "https://www.chess.com"]

[Event "Titled Tuesday Blitz March 28 Early 2023"]
[White "Lehtosaari, Mauri"]
[Black "Erigaisi Arjun"]
[WhiteFideId "501999"]
[BlackFideId "35009192"]
[WhiteElo "2513"]
[BlackElo "2737"]
[Result "0-1"]
[Round "05"]
[TimeControl "180+2"]
[Date "2023.03.28"]
[WhiteClock "0:00:02"]
[BlackClock "0:00:44"]

1. d4 c5 2. e3 g6 3. Nf3 Bg7 4. Be2 Nf6 5. O-O O-O 6. b3 b6 7. Bb2 Bb7 8. dxc5 bxc5 9. c4 d6 10. Nc3 Nbd7 11. Rc1 a5 12. h3 Bc6 13. Nd2 a4 14. Nb5 Qb6 15. Bf3 Rfb8 16. Bxc6 Qxc6 17. Qc2 d5 18. Rfd1 axb3 19. axb3 e6 20. Nf3 Ra2 21. Qb1 Ra6 22. Ne5 Qb7 23. Nxd7 Nxd7 24. Bxg7 Kxg7 25. h4 Kg8 26. h5 Nf6 27. hxg6 hxg6 28. Qb2 Qe7 29. Qe5 Rbb6 30. Ra1 Ng4 31. Qg3 Nf6 32. Qh4 Kg7 33. g3 Rxa1 34. Rxa1 Rb8 35. Ra7 Qf8 36. Qf4 Ra8 37. Rxa8 Qxa8 38. Qe5 dxc4 39. bxc4 Qe4 40. Qxc5 e5 41. Qb4 Ng4 42. Qd2 Qxc4 43. Nd6 Qc6 44. Qd3 Qh1+ 45. Kxh1 Nxf2+ 46. Kg2 Nxd3 47. Kf3 Kf6 48. Ne4+ Ke7 49. Ke2 Nb4 50. Kf3 f5 51. Nc5 Kd6 52. Nb3 e4+ 53. Kf4 Nd5+ 54. Kg5 Nxe3 55. Kxg6 Ke5 56. Kg5 Nf1 57. Kh4 e3 58. Nc1 Ke4 59. Ne2 Nd2 60. Kg5 Nb3 61. Kh4 Kf3 62. Nc3 Nd4 63. Kg5 Kxg3 64. Kf6 Kf3 65. Ke5 e2 66. Nxe2 Kxe2 67. Kxd4 f4 68. Ke4 f3 0-1


[Site "https://www.chess.com"]

[Event "Titled Tuesday Blitz March 28 Early 2023"]
[White "Gukesh D"]
[Black "Zaragatski, Ilja"]
[WhiteFideId "46616543"]
[BlackFideId "4655192"]
[WhiteElo "2612"]
[BlackElo "2460"]
[Result "1-0"]
[Round "05"]
[TimeControl "180+2"]
[Date "2023.03.28"]
[WhiteClock "0:00:14"]
[BlackClock "0:00:01"]

1. d4 Nf6 2. Nf3 c5 3. d5 b5 4. Bg5 Qb6 5. Bxf6 Qxf6 6. c3 Qb6 7. e4 g6 8. Nbd2 Bg7 9. a4 b4 10. a5 Qb7 11. Qc2 O-O 12. Bd3 d6 13. O-O Bg4 14. Ne1 Na6 15. h3 Bd7 16. Nef3 Rab8 17. Rfe1 Nc7 18. a6 Qc8 19. c4 b3 20. Qc1 Nxa6 21. e5 Nb4 22. Bb1 Bf5 23. Rxa7 Nc2 24. Bxc2 bxc2 25. g4 Bxg4 26. hxg4 Qxg4+ 27. Kf1 Qh3+ 28. Ke2 dxe5 29. Qxc2 e6 30. d6 Rfd8 31. d7 f5 32. b3 e4 33. Ng1 Qg4+ 34. Kf1 Bd4 35. Nxe4 fxe4 36. Qxe4 Qf5 37. Qxe6+ Qxe6 38. Rxe6 Kf8 39. Nf3 Bg7 40. Ng5 Rxb3 41. Re8+ Rxe8 42. Nxh7+ Kf7 43. d8=Q+ Ke6 44. Qd5# 1-0


[Site "https://www.chess.com"]

[Event "Titled Tuesday Blitz March 28 Early 2023"]
[White "Corrales Jimenez, Fidel"]
[Black "Da Silva, Lindolfo Luiz"]
[WhiteFideId "3506690"]
[BlackFideId "2106558"]
[WhiteElo "2541"]
[BlackElo "2503"]
[Result "1-0"]
[Round "05"]
[TimeControl "180+2"]
[Date "2023.03.28"]
[WhiteClock "0:01:56"]
[BlackClock "0:01:29"]

1. d4 Nf6 2. b3 g6 3. Bb2 Bg7 4. g3 d6 5. Bg2 O-O 6. Nd2 Nbd7 7. e3 e5 8. Ne2 Re8 9. dxe5 dxe5 10. O-O a5 11. a4 Ra6 12. Nc4 Qe7 13. Nc3 Nc5 14. Ba3 Nfd7 15. Nd5 Qd8 16. Qe2 Rae6 17. Rad1 c6 18. Ndb6 Qc7 19. Nxc8 Rxc8 20. Bh3 f5 21. e4 Nxe4 22. Qxe4 fxe4 23. Bxe6+ Kh8 24. Rxd7 Qb8 25. Nd6 Rf8 26. Nf7+ Rxf7 27. Bxf7 Qa7 28. Rd8+ 1-0


[Site "https://www.chess.com"]

[Event "Titled Tuesday Blitz March 28 Early 2023"]
[White "Mortazavi, Ali"]
[Black "Ashraf, Artin"]
[WhiteFideId "401323"]
[BlackFideId "22514805"]
[WhiteElo "2339"]
[BlackElo "2188"]
[Result "0-1"]
[Round "05"]
[TimeControl "180+2"]
[Date "2023.03.28"]
[WhiteClock "0:00:09"]
[BlackClock "0:00:08"]

1. Nf3 d5 2. g3 Nc6 3. Bg2 e5 4. d3 Nf6 5. O-O Be7 6. Nbd2 O-O 7. e4 dxe4 8. dxe4 a5 9. a4 Bc5 10. h3 b6 11. Nh4 Ba6 12. Re1 Nb4 13. Nf5 Re8 14. Bf1 Bb7 15. Bc4 Nxe4 16. Qg4 Bxf2+ 17. Kf1 Nxg3+ 18. Nxg3 Bxg3 19. Qxg3 Nxc2 20. Ne4 Bxe4 21. Rxe4 Nxa1 22. Bh6 Qf6+ 23. Qf2 Qxf2+ 24. Kxf2 gxh6 0-1


[Site "https://www.chess.com"]

[Event "Titled Tuesday Blitz March 28 Early 2023"]
[White "Asadli, Vugar"]
[Black "Tanmay Jain"]
[WhiteFideId "13405764"]
[BlackFideId "45015481"]
[WhiteElo "2598"]
[BlackElo "2032"]
[Result "1-0"]
[Round "05"]
[TimeControl "180+2"]
[Date "2023.03.28"]
[WhiteClock "0:00:17"]
[BlackClock "0:00:02"]

1. e4 e5 2. Nf3 Nc6 3. d4 exd4 4. Bc4 d6 5. O-O Be7 6. Nxd4 Nf6 7. Nc3 O-O 8. h3 Re8 9. Re1 Bf8 10. Bg5 h6 11. Bh4 Ne5 12. Bb3 Ng6 13. Bxf6 Qxf6 14. Nd5 Qd8 15. Qh5 c6 16. Nf4 Ne5 17. Nf3 Qf6 18. Nxe5 dxe5 19. Nd3 Be6 20. Re3 Bxb3 21. axb3 a6 22. Rae1 Rad8 23. Rg3 g6 24. Qg4 c5 25. h4 b5 26. h5 g5 27. c4 Rd4 28. Rc1 Qd6 29. Ne1 Rd8 30. Nf3 Rd3 31. Kh2 Bg7 32. cxb5 axb5 33. Ng1 Qe7 34. Ne2 Rd2 35. Rgc3 R8d3 36. Rxc5 Rxb2 37. Ng3 Rdd2 38. Rc8+ Bf8 39. Nf5 Qe6 40. R1c6 Qd7 41. Rxh6 1-0


[Site "https://www.chess.com"]

[Event "Titled Tuesday Blitz March 28 Early 2023"]
[White "Warmerdam, Max"]
[Black "Rom, Jasper"]
[WhiteFideId "1048104"]
[BlackFideId "2023733"]
[WhiteElo "2518"]
[BlackElo "2233"]
[Result "1-0"]
[Round "05"]
[TimeControl "180+2"]
[Date "2023.03.28"]
[WhiteClock "0:01:03"]
[BlackClock "0:00:01"]

1. d4 d5 2. c4 e6 3. Nc3 c6 4. e3 Nf6 5. Nf3 Nbd7 6. h3 Bd6 7. Bd3 dxc4 8. Bxc4 O-O 9. O-O e5 10. e4 exd4 11. Nxd4 Ne5 12. Bb3 Ng6 13. f4 Bc5 14. Be3 Re8 15. e5 Nd5 16. Nxd5 cxd5 17. Rc1 b6 18. Kh1 Bb7 19. Qg4 Qh4 20. g3 Qxg4 21. hxg4 Rac8 22. Kh2 f6 23. e6 Bxd4 24. Rxc8 Bxc8 25. Bxd4 Ne7 26. f5 Bb7 27. Rc1 Rc8 28. Rd1 Kf8 29. Bc3 Ke8 30. Kg1 a5 31. Kf2 Ba6 32. Bxd5 Rd8 33. Bf3 Rxd1 34. Bxd1 Bc4 35. a3 Bd5 36. Bf3 1-0


[Site "https://www.chess.com"]

[Event "Titled Tuesday Blitz March 28 Early 2023"]
[White "Xu, Yi"]
[Black "Lukas2010"]
[WhiteFideId "8605564"]
[WhiteElo "2471"]
[BlackElo "2497"]
[Result "1-0"]
[Round "05"]
[TimeControl "180+2"]
[Date "2023.03.28"]
[WhiteClock "0:01:50"]
[BlackClock "0:00:12"]

1. b3 e5 2. Bb2 Nc6 3. e3 Nf6 4. Bb5 e4 5. Ne2 a6 6. Bxc6 dxc6 7. Nbc3 Bd6 8. Ng3 Bg4 9. f3 exf3 10. gxf3 Bh3 11. Qe2 Qd7 12. O-O-O O-O-O 13. Rhg1 Rhe8 14. Nge4 Be5 15. d4 Nxe4 16. Nxe4 Bf6 17. Nxf6 gxf6 18. d5 Qe7 19. dxc6 Rxd1+ 20. Rxd1 b5 21. e4 Qe6 22. Qe3 Qxc6 23. Qh6 Qe6 24. Qxh7 Bg2 25. Qh5 f5 26. Rg1 Rg8 27. Qxf5 Qxf5 28. exf5 c5 29. h4 Rg3 30. h5 Rxf3 31. Rxg2 Rf1+ 32. Kd2 Rxf5 33. Rh2 1-0


[Site "https://www.chess.com"]

[Event "Titled Tuesday Blitz March 28 Early 2023"]
[White "Jaskolka, Tomasz"]
[Black "Zubritskiy, Artyom"]
[WhiteFideId "1170791"]
[BlackFideId "4181247"]
[WhiteElo "2155"]
[BlackElo "2419"]
[Result "1-0"]
[Round "05"]
[TimeControl "180+2"]
[Date "2023.03.28"]
[WhiteClock "0:00:04"]
[BlackClock "0:00:01"]

1. d4 Nc6 2. Nf3 d6 3. g3 g6 4. Bg2 Bg7 5. b3 e5 6. c3 e4 7. Nfd2 f5 8. e3 Nf6 9. Bb2 O-O 10. c4 g5 11. a3 Qe8 12. Nc3 a6 13. h4 h6 14. hxg5 hxg5 15. b4 Bd7 16. Qb3 Qf7 17. Bf1 Ng4 18. c5 Qxb3 19. Nxb3 Be6 20. d5 Bxc3+ 21. Bxc3 Bxd5 22. Rh8+ Kf7 23. Rh7+ Kg6 24. Rg7+ Kh6 25. Nd2 Rf7 26. Rxf7 Bxf7 27. Be2 Nge5 28. O-O-O dxc5 29. bxc5 Rd8 30. g4 Be6 31. Rh1+ Kg6 32. gxf5+ Bxf5 33. Nf1 Nd3+ 34. Kb1 g4 35. Ng3 Nxf2 36. Rf1 Nd3 37. Nxf5 Rd5 38. Bxg4 Rxc5 39. Bd4 Rb5+ 40. Kc2 Nxd4+ 41. exd4 Rb2+ 42. Kc3 Rg2 43. Ne7+ Kg5 44. Be6 Rg3 45. Nf5 Rg2 46. Ne3 Rg3 47. Nf5 Rg2 48. d5 Nf4 49. Kd4 Rd2+ 50. Ke5 Ng6+ 51. Kxe4 Re2+ 52. Ne3 Ra2 53. Rg1+ Kf6 54. Bf5 Ne7 55. Be6 Ng6 56. Ng4+ Ke7 57. Ne3 Nf8 58. Rg7+ Kd6 59. Nf5+ Kc5 60. Rxc7+ Kb6 61. Rf7 Ng6 62. Rf6 Nh8 63. d6 1-0


[Site "https://www.chess.com"]

[Event "Titled Tuesday Blitz March 28 Early 2023"]
[White "Weetik, Vjacheslav"]
[Black "Sztokbant, Bernardo Vainzoff"]
[WhiteFideId "4153472"]
[BlackFideId "2115956"]
[WhiteElo "2469"]
[BlackElo "2222"]
[Result "1-0"]
[Round "05"]
[TimeControl "180+2"]
[Date "2023.03.28"]
[WhiteClock "0:00:03"]
[BlackClock "0:00:01"]

1. d4 Nf6 2. c4 g6 3. g3 Bg7 4. Bg2 O-O 5. Nc3 d6 6. Nf3 Nc6 7. O-O e5 8. d5 Ne7 9. e4 Ne8 10. Ne1 f5 11. Nd3 Nf6 12. Bg5 h6 13. Bxf6 Bxf6 14. Qd2 f4 15. gxf4 exf4 16. e5 dxe5 17. Be4 Nf5 18. Kh1 Kh8 19. Rg1 g5 20. Rae1 Nd4 21. Qd1 Bg7 22. Qh5 Qf6 23. Bg6 Qxg6 24. Qxg6 Bf5 25. Qh5 Bxd3 26. Rxg5 Rae8 27. Reg1 Re7 28. Rxg7 Nf5 29. Rxe7 Rf6 30. Re8+ Kh7 31. Rxe5 f3 32. Rxf5 Bxf5 33. Qh4 Rf7 34. Qd4 1-0


[Site "https://www.chess.com"]

[Event "Titled Tuesday Blitz March 28 Early 2023"]
[White "Hasangatin, Ramil"]
[Black "Tifferet, Shaked"]
[WhiteFideId "4122160"]
[BlackFideId "2811529"]
[WhiteElo "2275"]
[BlackElo "2142"]
[Result "1-0"]
[Round "05"]
[TimeControl "180+2"]
[Date "2023.03.28"]
[WhiteClock "0:02:55"]
[BlackClock "0:02:34"]

1. e4 c5 2. Nf3 d6 3. d4 cxd4 4. Qxd4 Nf6 5. e5 Nc6 6. Bb5 Qa5+ 7. Nc3 Qxb5 8. Nxb5 Nxd4 9. Nfxd4 dxe5 10. Nc7+ Kd8 11. Nxa8 exd4 12. Bf4 Nd5 13. O-O-O e5 14. Bxe5 Bc5 15. Bxd4 Bd6 16. Bxg7 1-0


[Site "https://www.chess.com"]

[Event "Titled Tuesday Blitz March 28 Early 2023"]
[White "Novikov, Evgenij"]
[Black "Korchmar, Vasiliy"]
[WhiteFideId "4125380"]
[BlackFideId "24131750"]
[WhiteElo "2242"]
[BlackElo "2370"]
[Result "1-0"]
[Round "05"]
[TimeControl "180+2"]
[Date "2023.03.28"]
[WhiteClock "0:00:18"]
[BlackClock "0:00:02"]

1. d4 d5 2. c4 c6 3. Nf3 Nf6 4. e3 e6 5. Nc3 Nbd7 6. Bd3 dxc4 7. Bxc4 b5 8. Bd3 b4 9. Ne4 Nxe4 10. Bxe4 Bb7 11. O-O Be7 12. Qc2 Rc8 13. Ne5 Nxe5 14. dxe5 Qc7 15. f4 c5 16. Bxb7 Qxb7 17. e4 O-O 18. f5 c4 19. f6 Bc5+ 20. Kh1 Rfd8 21. fxg7 Rd4 22. Be3 Qxe4 23. Qf2 Rc7 24. Bxd4 Bxd4 25. Qf6 Rd7 26. Rae1 Qg6 27. Qf3 Bxb2 28. Qc6 Rd2 29. Rf6 Qxg7 30. Qc8+ Qf8 31. Qxc4 Qa8 32. Qg4+ Kf8 33. Ref1 1-0


[Site "https://www.chess.com"]

[Event "Titled Tuesday Blitz March 28 Early 2023"]
[White "Bethke, Richard"]
[Black "Mikhailovsky, Vladimir"]
[WhiteFideId "12959243"]
[BlackFideId "34105414"]
[WhiteElo "2369"]
[BlackElo "2293"]
[Result "0-1"]
[Round "05"]
[TimeControl "180+2"]
[Date "2023.03.28"]
[WhiteClock "0:00:14"]
[BlackClock "0:00:34"]

1. e4 e5 2. Nf3 d5 3. Nxe5 Bd6 4. d4 dxe4 5. Nc3 Bxe5 6. dxe5 Qxd1+ 7. Kxd1 Nc6 8. Bb5 Bd7 9. Bf4 O-O-O 10. Ke1 Nd4 11. Bxd7+ Rxd7 12. Rc1 Ne7 13. Nxe4 Ng6 14. Bg3 Re8 15. Nc5 Rd5 16. Nd3 Nxc2+ 17. Rxc2 Rxd3 18. Re2 Red8 19. Kf1 Rd1+ 20. Re1 R8d2 21. h4 Rxe1+ 22. Kxe1 Rxb2 23. Rh3 Rxa2 24. h5 Ne7 25. e6 fxe6 26. Be5 a5 27. Bxg7 b5 28. g4 b4 29. g5 Nf5 30. Be5 a4 31. h6 Ne7 32. Re3 b3 33. Rc3 b2 34. Rxc7+ Kd8 35. Rb7 Ra1+ 36. Kd2 b1=Q 37. Rxb1 Rxb1 38. Bf6 Kd7 39. Bxe7 Kxe7 0-1


[Site "https://www.chess.com"]

[Event "Titled Tuesday Blitz March 28 Early 2023"]
[White "Skvortsov, Andrei"]
[Black "Pein, Jonathan"]
[WhiteFideId "24108600"]
[BlackFideId "417092"]
[WhiteElo "2259"]
[BlackElo "2151"]
[Result "1-0"]
[Round "05"]
[TimeControl "180+2"]
[Date "2023.03.28"]
[WhiteClock "0:00:14"]
[BlackClock "0:00:11"]

1. d4 Nf6 2. c4 e6 3. Nf3 h6 4. a3 b6 5. Nfd2 d5 6. Nc3 Be7 7. e4 dxe4 8. Ndxe4 Bb7 9. Nxf6+ Bxf6 10. Be3 Nd7 11. Qd2 O-O 12. Bd3 c5 13. d5 exd5 14. cxd5 Ne5 15. Be2 Re8 16. O-O Ng6 17. Rad1 Be5 18. Bb5 Rf8 19. d6 Qh4 20. f4 Bf6 21. Nd5 Rad8 22. Bf2 Qg4 23. Nxf6+ gxf6 24. Bg3 h5 25. Be2 Qf5 26. Qd3 Qxd3 27. Bxd3 h4 28. Bxg6 hxg3 29. Bf5 gxh2+ 30. Kxh2 Kg7 31. Rd3 Rh8+ 32. Kg1 Rh4 33. d7 Kf8 34. Re3 Bc6 35. Rd1 Rxf4 36. Bh3 f5 37. Red3 Ke7 38. Re1+ Kf6 39. Rd6+ Kg5 40. Rxc6 Rxd7 41. Rc8 c4 42. Rf1 Rd2 43. Rxf4 Kxf4 44. Rxc4+ Ke5 45. Rb4 f6 46. Rb5+ Kd4 47. Bxf5 Rd1+ 48. Kf2 Rd2+ 49. Kg3 Kc4 50. Rb4+ Kc5 51. Bg4 a5 52. Rb3 b5 53. Bf3 b4 54. axb4+ axb4 55. Bh5 Rd7 56. Rf3 Rg7+ 57. Kf2 Rg5 58. Bf7 f5 59. Be6 Kd4 60. Rxf5 Rg7 61. Rf7 Rg6 62. Bf5 Rc6 63. b3 Kc3 64. Bd7 Rc7 65. Rf3+ Kb2 66. Be6 Rc2+ 67. Kg1 Rc6 68. Bc4 Rg6 69. Kf2 Kc2 70. Bd3+ Kxb3 71. Bxg6+ Kb2 72. Bf7 b3 73. Bxb3 Ka1 74. Bf7 Kb2 75. Bh5 Ka1 76. Rb3 Ka2 77. Rb8 Ka1 78. Ke3 1-0


[Site "https://www.chess.com"]

[Event "Titled Tuesday Blitz March 28 Early 2023"]
[White "Bashirli, Nail"]
[Black "Kubatko, Ivan"]
[WhiteFideId "13406809"]
[BlackFideId "24111473"]
[WhiteElo "2338"]
[BlackElo "2285"]
[Result "0-1"]
[Round "05"]
[TimeControl "180+2"]
[Date "2023.03.28"]
[WhiteClock "0:00:12"]
[BlackClock "0:00:04"]

1. e4 d5 2. exd5 Qxd5 3. Nc3 Qa5 4. Nge2 Nf6 5. g3 h5 6. h4 Bg4 7. Bg2 Nc6 8. O-O O-O-O 9. b4 Nxb4 10. Rb1 c6 11. Rb3 e5 12. Ra3 Qb6 13. d3 Nbd5 14. Nxd5 Nxd5 15. Rb3 Qc7 16. c4 Nf6 17. Be3 Qa5 18. Re1 Bc5 19. Bd2 Qa6 20. Qb1 e4 21. d4 Bxd4 22. Nxd4 Rxd4 23. Be3 Rd7 24. Qb2 Rhd8 25. Ra3 Qxc4 26. Rxa7 Rd1 27. Ra8+ Kd7 28. Qxb7+ Ke8 29. Rxd1 Bxd1 30. Ra7 Qe6 31. Bc5 Nd7 32. Ba3 Bf3 33. Bf1 e3 34. Ra8 e2 35. Rxd8+ Kxd8 36. Qa8+ Kc7 37. Qa5+ Kc8 38. Qa8+ Nb8 39. Qa4 exf1=Q+ 40. Kxf1 Qe2+ 41. Kg1 Qe1+ 42. Kh2 Qh1# 0-1


[Site "https://www.chess.com"]

[Event "Titled Tuesday Blitz March 28 Early 2023"]
[White "Manukian, Artak"]
[Black "Rendle, Thomas E"]
[WhiteFideId "13301373"]
[BlackFideId "408760"]
[WhiteElo "2130"]
[BlackElo "2428"]
[Result "0-1"]
[Round "05"]
[TimeControl "180+2"]
[Date "2023.03.28"]
[WhiteClock "0:00:02"]
[BlackClock "0:00:38"]

1. e4 e6 2. d4 d5 3. e5 c5 4. c3 Nc6 5. Nf3 Qb6 6. a3 c4 7. Nbd2 Na5 8. Rb1 Bd7 9. g3 Ne7 10. Bh3 Qc7 11. Nf1 Nc8 12. Bf4 h6 13. Bg2 Nb6 14. h4 Be7 15. Ne3 O-O-O 16. h5 Ba4 17. Qe2 Qd7 18. O-O Qe8 19. g4 Qg8 20. Nd2 Qh7 21. Bg3 g6 22. hxg6 fxg6 23. f4 h5 24. f5 gxf5 25. gxf5 Rdg8 26. Bh2 exf5 27. Nxf5 Bc2 28. Nxe7+ Qxe7 29. Rbe1 Bd3 30. Qe3 Bxf1 31. Nxf1 Nc6 32. e6 Rg4 33. Kh1 Qg5 34. Qe2 Rg8 35. Ne3 Rh4 36. Qf3 Ne7 37. Bh3 Qg6 38. Rg1 Qe4 0-1


[Site "https://www.chess.com"]

[Event "Titled Tuesday Blitz March 28 Early 2023"]
[White "Zhao, Jun"]
[Black "Khamdamova, Afruza"]
[WhiteFideId "8602522"]
[BlackFideId "14210444"]
[WhiteElo "2547"]
[BlackElo "2210"]
[Result "1-0"]
[Round "05"]
[TimeControl "180+2"]
[Date "2023.03.28"]
[WhiteClock "0:00:40"]
[BlackClock "0:00:25"]

1. d4 Nf6 2. Nf3 d5 3. c4 e6 4. Nc3 Be7 5. Bf4 O-O 6. e3 b6 7. Be2 dxc4 8. Bxc4 Bb7 9. O-O Nbd7 10. Qe2 c5 11. Rfd1 cxd4 12. Rxd4 Bc5 13. Rdd1 Qe7 14. Ba6 Bxa6 15. Qxa6 Nh5 16. Bg5 Nhf6 17. a3 Qe8 18. Nb5 Qc8 19. Qa4 Qc6 20. b4 a6 21. Nc3 Qxa4 22. Nxa4 Be7 23. Rxd7 Nxd7 24. Bxe7 Rfc8 25. h3 f6 26. Bd6 e5 27. Rd1 Kf7 28. Nb2 Ke6 29. b5 a5 30. a4 Rc3 31. Nd2 Rd8 32. Ne4 h6 33. Nxc3 1-0


[Site "https://www.chess.com"]

[Event "Titled Tuesday Blitz March 28 Early 2023"]
[White "Jessel, Stephen"]
[Black "Nguyen Hong Nhung"]
[WhiteFideId "628859"]
[BlackFideId "12412201"]
[WhiteElo "2268"]
[BlackElo "1904"]
[Result "1-0"]
[Round "05"]
[TimeControl "180+2"]
[Date "2023.03.28"]
[WhiteClock "0:00:46"]
[BlackClock "0:00:56"]

1. Nf3 Nf6 2. g3 g6 3. b4 Bg7 4. Bb2 O-O 5. c4 a5 6. b5 d5 7. cxd5 Qxd5 8. a4 c6 9. Bg2 cxb5 10. Nc3 Qd7 11. Nxb5 Nc6 12. O-O Rd8 13. Qb3 Qe6 14. Qe3 Bd7 15. Qxe6 Bxe6 16. Nc7 Rac8 17. Nxe6 fxe6 18. Bh3 Rd6 19. d3 Rb8 20. Rfc1 b5 21. Ne5 Nd8 22. axb5 Rxb5 23. Nc4 Ra6 24. Be5 Kf7 25. Rcb1 Rxb1+ 26. Rxb1 Nd7 27. Bxg7 Kxg7 28. d4 a4 29. Ra1 Nc6 30. Bxe6 Nf8 31. Bc8 Ra8 32. Bb7 Rb8 33. Bxc6 Rb4 34. Rxa4 Rb1+ 35. Kg2 Ne6 36. e3 h5 37. h4 g5 38. hxg5 Nxg5 39. Ne5 e6 40. Ra7+ Kh6 41. Nf7+ Nxf7 42. Rxf7 Rb6 43. Rf6+ Kg5 44. Rxe6 h4 45. gxh4+ Kxh4 46. d5 Rb4 47. d6 Rg4+ 48. Kf1 Rg7 49. d7 1-0


[Site "https://www.chess.com"]

[Event "Titled Tuesday Blitz March 28 Early 2023"]
[White "Abdilkhair, Abilmansur"]
[Black "Vlassov, Nikolai"]
[WhiteFideId "13716417"]
[BlackFideId "4103360"]
[WhiteElo "2216"]
[BlackElo "2324"]
[Result "0-1"]
[Round "05"]
[TimeControl "180+2"]
[Date "2023.03.28"]
[WhiteClock "0:00:30"]
[BlackClock "0:01:20"]

1. d4 Nf6 2. c4 Nc6 3. Nf3 e6 4. g3 Bb4+ 5. Bd2 a5 6. Bg2 d6 7. O-O e5 8. Bxb4 axb4 9. dxe5 dxe5 10. Qxd8+ Kxd8 11. Nbd2 Ke7 12. Nb3 Be6 13. Rfc1 Ra7 14. Nc5 Rha8 15. Ng5 Rxa2 16. Rxa2 Rxa2 17. Ngxe6 fxe6 18. Nxb7 Nd4 19. Rd1 Nxe2+ 20. Kf1 Rxb2 21. Na5 Ng4 22. Nc6+ Kf6 23. Re1 Nd4 24. h3 Nh2+ 25. Kg1 Nhf3+ 0-1


[Site "https://www.chess.com"]

[Event "Titled Tuesday Blitz March 28 Early 2023"]
[White "Malek, Jan"]
[Black "Kukula, Pawel"]
[WhiteFideId "21864080"]
[BlackFideId "1115081"]
[WhiteElo "2255"]
[BlackElo "2012"]
[Result "1/2-1/2"]
[Round "05"]
[TimeControl "180+2"]
[Date "2023.03.28"]
[WhiteClock "0:00:09"]
[BlackClock "0:00:02"]

1. c4 Nf6 2. Nc3 g6 3. e4 d6 4. d4 Bg7 5. Nge2 O-O 6. Ng3 c5 7. d5 e6 8. Be2 exd5 9. cxd5 a6 10. a4 Nbd7 11. Be3 Re8 12. O-O h5 13. f3 h4 14. Nh1 Nh7 15. Qd2 Ne5 16. Nf2 g5 17. f4 gxf4 18. Bxf4 Bd7 19. Bh6 Bxh6 20. Qxh6 Qf6 21. Qxf6 Nxf6 22. Nfd1 Kg7 23. Ne3 h3 24. g3 b5 25. axb5 axb5 26. Bxb5 Bxb5 27. Nxb5 Rxa1 28. Rxa1 Nxe4 29. Nf5+ Kg6 30. Rf1 Rb8 31. Nfxd6 Nxd6 32. Nxd6 Rxb2 33. Ne4 Re2 34. Nf2 Nf3+ 35. Kh1 Nd2 36. Nxh3 Rxh2+ 37. Kxh2 Nxf1+ 38. Kg1 Nxg3 39. Kf2 Ne4+ 40. Ke3 Nd6 41. Kf4 Kf6 42. Nf2 Ke7 43. Nd1 f6 44. Nc3 Kd7 45. Na4 c4 46. Ke3 Kc7 47. Kd4 Kb7 48. Nc5+ Kb6 49. Nd7+ Kb5 50. Nxf6 Kb4 51. Nd7 c3 52. Kd3 Nb5 53. Ne5 Kc5 1/2-1/2


[Site "https://www.chess.com"]